 Dungeon Crawl Stone Soup version 0.20.1-1-g8b1a95d (webtiles) character file.

815 Irenicus the Reanimator (level 7, -1/55 HPs)
             Began as a Deep Dwarf Necromancer on Nov 3, 2017.
             Was an Initiate of Makhleb.
             Slain by an orc warrior
             ... wielding a +0 war axe
              (20 damage)
             ... on level 6 of the Dungeon.
             The game lasted 00:12:49 (3959 turns).

Irenicus the Reanimator (Deep Dwarf Necromancer)    Turns: 3959, Time: 00:12:49

Health: -1/55      AC:  5    Str: 12    XL:     7   Next: 62%
Magic:  1/14       EV: 13    Int: 15    God:    Makhleb [......]
Gold:   269        SH:  0    Dex: 15    Spells: 7/16 levels left

rFire    . . .     SeeInvis .   r - +2 mace (holy)
rCold    . . .     Gourm    .   (no shield)
rNeg     . . .     Faith    .   a - +0 robe
rPois    +         Spirit   .   (no helmet)
rElec    .         Reflect  .   (no cloak)
rCorr    .         Harm     .   m - +1 pair of gloves
MR       +....                  l - +0 pair of boots
Stlth    ++........             (no amulet)
Regen    0.0/turn               v - ring of poison resistance
MPRegen  0.2/turn               (no ring)

@: flying, non-regenerating
A: damage resistance, heal wounds, sense surroundings 1, no regeneration
a: Heal Wounds, Renounce Religion


You were on level 6 of the Dungeon.
You worshipped Makhleb.
Makhleb was noncommittal.
You were very hungry.

You visited 2 branches of the dungeon, and saw 7 of its levels.

You collected 269 gold pieces.

Inventory:

Hand Weapons
 j - a +0 flail of venom
 r - a +2 mace of holy wrath (weapon)
 x - a +3 flail of protection
Armour
 a - a +0 robe (worn)
 l - a +0 pair of boots (worn)
 m - a +1 pair of gloves (worn)
Jewellery
 v - a ring of poison resistance (left hand)
Scrolls
 e - 3 scrolls of magic mapping {unknown}
 g - a scroll of remove curse {unknown}
 h - 2 scrolls of fear {unknown}
 i - a scroll of fog {unknown}
 k - 6 scrolls of identify {unknown}
 n - a scroll of enchant weapon {unknown}
 w - a scroll of immolation {unknown}
 y - a scroll of noise {unknown}
 z - a scroll of random uselessness {unknown}
Potions
 d - a potion of ambrosia {unknown}
 f - 2 potions of flight
 o - 2 potions of brilliance {unknown}
 p - 3 potions of lignification {unknown}
 s - a potion of berserk rage {unknown}
 t - 3 potions of curing {unknown}
 A - a potion of agility {unknown}
Books
 b - a book of Necromancy

   Spells                             Type                      Level
   a - Pain                           Necromancy                   1
   b - Animate Skeleton               Necromancy                   1
   c - Vampiric Draining              Necromancy                   3
   d - Regeneration                   Charms/Necromancy            3
   e - Animate Dead                   Necromancy                   4
   f - Control Undead                 Necromancy                   4
Comestibles
 c - 4 bread rations
 q - a royal jelly
 u - 5 fruits


   Skills:
 - Level 2.1 Dodging
 - Level 2.4 Stealth
 - Level 5.0 Spellcasting
 + Level 8.3 Necromancy


You had 7 spell levels left.
You knew the following spells:

 Your Spells              Type           Power        Failure   Level  Hunger
a - Pain                  Necr           ####         1%          1    None
b - Animate Skeleton      Necr           N/A          1%          1    None
c - Control Undead        Necr           ####......   4%          4    ####...
e - Vampiric Draining     Necr           ####......   1%          3    ###....


Dungeon Overview and Level Annotations

Branches:
Dungeon (6/15)             Temple (1/1) D:5

Altars:
Ashenzari
Gozag
Makhleb
Trog


Innate Abilities, Weirdness & Mutations

You are resistant to damage.
You can heal yourself by infusing magical energy.
You passively map a small area around you.
You do not regenerate.


Message History

Your water moccasin skeleton is destroyed!
Makhleb accepts your kill.
There is a stone staircase leading up here.
There is an open door here.
Found 8 gold pieces.
There is a stone staircase leading up here.
Casting: Control Undead
Confirm with . or Enter, or press ? or * to list all spells.
Aiming: Vampiric Draining
Press: ? - help, Shift-Dir - straight line, f - orc warrior
Aim: an orc warrior, wielding a war axe and wearing a chain mail (lightly wounded)
The orc warrior is heavily wounded.
You feel life coursing into your body.
You are feeling very hungry.
The orc warrior hits you with a war axe!
It was a potion of flight.
You feel very buoyant.
You fly up into the air.
The orc warrior hits you with a war axe!!
You die...

*** .....# .....#
*.....# ,, *.....#
.....# ,
#################.....##
, ,
..................$....#
*
...............o@......#
*
............o..........#
.......................#
........##o########....#
,
........#..<..#..)'....#
........#.....#.o.# ...#
####'####.....#.o.# *###
#....##..##.##..# , , ,
, #....##..##o##..#


You could see an orc warrior and 2 orcs.

Vanquished Creatures
  Menkaure (D:5)
  Edmund (D:5)
  An ice beast (D:5)
  A phantom (D:4)
  2 ogres (D:4)
  A centaur (D:5)
  A water moccasin skeleton (D:6)
  A crimson imp (D:3)
  A bullfrog zombie (D:5)
  A hound (D:4)
  2 worker ants
  A worker ant zombie (D:5)
  A gnoll (D:3)
  4 adders
  4 dart slugs
  2 leopard geckos
  8 orcs
  3 ball pythons
  5 giant cockroaches
  8 goblins
  10 hobgoblins
  3 jackals
  A quokka (D:5)
  6 bats
  7 frilled lizards
  A jackal zombie (D:5)
  3 kobolds
  7 rats
87 creatures vanquished.

Vanquished Creatures (collateral kills)
  A killer bee zombie (D:5)
  3 gnolls (D:3)
  A shadow imp (D:5)
  2 orcs (D:4)
  A jackal (D:5)
8 creatures vanquished.

Grand Total: 95 creatures vanquished

Notes
Turn   | Place    | Note
-------+----------+-------------------------------------------
     0 | D:1      | Irenicus the Deep Dwarf Necromancer began the quest for the Orb.
     0 | D:1      | Reached XP level 1. HP: 15/15 MP: 3/3
   133 | D:1      | Reached XP level 2. HP: 20/22 MP: 0/5
   424 | D:1      | Reached skill level 5 in Necromancy
   626 | D:2      | Reached XP level 3. HP: 10/28 MP: 0/6
   746 | D:2      | You fall through a shaft for 2 floors!
   831 | D:3      | Learned a level 3 spell: Vampiric Draining
   833 | D:3      | Learned a level 1 spell: Animate Skeleton
   852 | D:3      | Found a faded altar of an unknown god.
   952 | D:2      | Found a bloodstained altar of Trog.
  1426 | D:3      | Reached skill level 6 in Necromancy
  1426 | D:3      | Reached XP level 4. HP: 26/36 MP: 1/7
  1832 | D:3      | Reached XP level 5. HP: 40/42 MP: 4/9
  2066 | D:4      | Noticed an ogre
  2074 | D:4      | Noticed an ogre
  2080 | D:4      | Killed an ogre
  2152 | D:4      | Killed an ogre
  2152 | D:4      | Reached XP level 6. HP: 42/49 MP: 0/12
  2419 | D:4      | Found a bloodstained altar of Trog.
  2489 | D:4      | Reached skill level 5 in Spellcasting
  3138 | D:4      | Learned a level 4 spell: Control Undead
  3305 | D:5      | Entered Level 5 of the Dungeon
  3315 | D:5      | Noticed an ice beast
  3316 | D:5      | Reached XP level 7. HP: 43/55 MP: 14/14
  3336 | D:5      | Reached skill level 7 in Necromancy
  3609 | D:5      | Found a staircase to the Ecumenical Temple.
  3650 | Temple   | Entered the Ecumenical Temple
  3669 | Temple   | Became a worshipper of Makhleb the Destroyer
  3731 | D:5      | Noticed Menkaure
  3751 | D:5      | Noticed Edmund
  3760 | D:5      | Your ally died
  3761 | D:5      | Reached skill level 8 in Necromancy
  3805 | D:5      | Killed Edmund
  3959 | D:6      | Slain by an orc warrior

Skill      XL: |  1  2  3  4  5  6  7 |
---------------+----------------------+-----
Spellcasting   | 2 3 4 5 |  5.0
Necromancy     | 5 6 8 |  8.3
Dodging        | |  2.1
Stealth        | |  2.4

Action                   |  1- 3 |  4- 6 |  7- 9 || total
-------------------------+-------+-------+-------++-------
Melee: Unarmed           |     7 |       |       ||     7
       Whip              |    32 |    10 |       ||    42
       Mace              |       |    41 |    24 ||    65
       Flail             |       |    13 |       ||    13
 Cast: Pain              |    47 |    22 |     5 ||    74
       Vampiric Draining |    11 |    23 |    18 ||    52
       Animate Skeleton  |     2 |     2 |     3 ||     7
       Control Undead    |       |     3 |     4 ||     7
  Use: Potion            |       |       |     1 ||     1
 Stab: Sleeping          |     1 |       |       ||     1
  Eat: Chunk             |     4 |     1 |     4 ||     9
       Fruit             |       |     1 |     1 ||     2
       Meat ration       |       |     1 |       ||     1
Armor: Robe              |    15 |    27 |     8 ||    50
Dodge: Dodged            |    33 |    60 |    29 ||   122
